 Dungeon Crawl Stone Soup version 0.29-a0-1052-g6990b1bffc (webtiles) character file.

Game seed: 12749843412226918756

19207 inmateoo the Cleaver (level 12, -15/84 HPs)
             Began as a Demonspawn Fighter on Aug 18, 2022.
             Was an Elder of Hepliaklqana.
             Killed from afar by Frances (58 damage)
             ... with an iron shot
             ... on level 12 of the Dungeon.
             The game lasted 00:10:34 (10722 turns).

inmateoo the Cleaver (Demonspawn Fighter)          Turns: 10722, Time: 00:10:35

Health: -15/84     AC: 20    Str: 17    XL:     12   Next: 34%
Magic:  16/16      EV:  7    Int: 11    God:    Hepliaklqana [****..]
Gold:   933        SH: 16    Dex: 20    Spells: 11/11 levels left

rFire   . . .      SeeInvis +   C - +4 broad axe (vorpal)
rCold   + . .      Faith    .   y - +0 kite shield
rNeg    . . .      Spirit   .   p - +8 plate armour "Qetigoza" {Rampage SInv}
rPois   .          Reflect  .   r - +0 hat
rElec   .          Harm     .   z - +2 cloak
rCorr   .          Rampage  +   l - +0 pair of gloves
Will    +....                   (no boots)
Stlth   ..........              (no amulet)
HPRegen 0.24/turn               m - ring of willpower
MPRegen 0.15/turn               I - ring "Qoulynen" {rC+ Str-2 Dex+6}

@: corroded
A: reduced essence, horns 1, icy blue scales 1, powered by death 3, condensation
shield
a: Renounce Religion, Recall Ancestor, Ancestor Identity, Transference, Idealise


You were on level 12 of the Dungeon.
You worshipped Hepliaklqana.
Hepliaklqana was greatly pleased with you.
You visited 2 branches of the dungeon, and saw 13 of its levels.

You collected 933 gold pieces.

Inventory:

Hand Weapons
 C - a +4 vorpal broad axe (weapon)
 J - a +0 hand axe of flaming
Armour
 l - a +0 pair of gloves (worn)
 p - the +8 plate armour "Qetigoza" (worn) {Rampage SInv}
   (You acquired it on level 5 of the Dungeon)

   SInv:      It lets you see invisible.
   Rampage:   It bestows one free step when moving towards enemies.
 r - a +0 hat (worn)
 y - a +0 kite shield (worn)
 z - a +2 cloak (worn)
Jewellery
 c - a ring of protection from cold
 m - a ring of willpower (left hand)
 A - a ring of positive energy
 H - a ring of fire
 I - the ring "Qoulynen" (right hand) {rC+ Str-2 Dex+6}
   (You took it off a centaur on level 8 of the Dungeon)

   [ring of protection from cold]

   Str:       It affects your strength (-2).
   Dex:       It affects your dexterity (+6).
   rC:        It protects you from cold.
Wands
 a - a wand of mindburst (10)
 q - a wand of charming (10)
 t - a wand of iceblast (9)
 w - a wand of polymorph (5)
 F - a wand of light (8)
Scrolls
 f - 6 scrolls of amnesia
 k - a scroll of silence
 s - 5 scrolls of immolation
 u - a scroll of magic mapping
 v - 5 scrolls of teleportation
 D - a scroll of fog
Potions
 b - 3 potions of flight
 d - 6 potions of might
 e - 3 potions of lignification
 g - 4 potions of mutation
 h - a potion of cancellation
 i - 3 potions of berserk rage
 j - 12 potions of curing
 n - a potion of haste {unknown}
 o - 3 potions of brilliance {unknown}
 x - 3 potions of degeneration {unknown}
 G - 11 potions of ambrosia


   Skills:
 + Level 8.8 Fighting
 * Level 11.0 Axes
 + Level 8.1 Armour
 + Level 7.5 Dodging
 + Level 8.1 Shields
 + Level 5.8 Invocations


You had 11 spell levels left.
You didn't know any spells.
Your spell library contained the following spells:

 Spells                   Type           Power      Damage    Failure   Level
 Apportation              Tloc           0%         N/A       100%        1
 Necrotise                Necr           0%         1d4       100%        1
 Summon Small Mammal      Summ           0%         N/A       100%        1
 Scorch                   Fire           0%         2d5       100%        2
 Static Discharge         Conj/Air       0%         3-3/arc   100%        2
 Dazzling Flash           Conj/Hex       0%         N/A       100%        3
 Frozen Ramparts          Ice            0%         1d1       100%        3
 Stone Arrow              Conj/Erth      0%         3d7       100%        3
 Animate Armour           Summ/Erth      0%         N/A       100%        4
 Flame Wave               Conj/Fire      0%         2d4       100%        4
 Fulminant Prism          Conj/Hex       0%         3d6       100%        4
 Ice Form                 Ice/Tmut       0%         N/A       100%        4
 Summon Ice Beast         Ice/Summ       0%         N/A       100%        4
 Alistair's Intoxication  Tmut/Pois      0%         N/A       100%        5
 Borgnjor's Vile Clutch   Necr/Erth      0%         N/A       100%        5
 Freezing Cloud           Conj/Ice/Air   0%         6-21      100%        5
 Lightning Bolt           Conj/Air       0%         1d11      100%        5
 Eringya's Noxious Bog    Tmut/Pois      0%         N/A       100%        6
 Summon Cactus Giant      Summ           0%         N/A       100%        6
 Orb of Destruction       Conj           0%         9d5       100%        7
 Lehudib's Crystal Spear  Conj/Erth      0%         10d2      100%        8
 Maxwell's Capacitive Co  Air            0%         ∞         100%        8


Dungeon Overview and Level Annotations

Branches:
Dungeon (12/15)            Temple (1/1) D:5            Lair (0/5) D:9
    Orc (0/2) D:11

Altars:
Ashenzari
Cheibriados
Dithmenos
Fedhas
Gozag
Hepliaklqana
Kikubaaqudgha
Makhleb
Nemelex Xobeh
Okawaru
Qazlal
Ru
Sif Muna
Trog
Uskayaw
Vehumet
Wu Jian
Xom
Yredelemnul

Annotations:
D:6 2 transporters, Nebesus's ghost, novice NaNe
D:12 1 runed translucent door, Frances


Innate Abilities, Weirdness & Mutations

Your life essence is reduced to manifest your ancestor. (-10% HP)
You have a pair of small horns on your head.
You are partially covered in icy blue scales. (AC +2)
You regenerate a lot of health from kills.
A meltable shield of frost defends you. (SH +4)


Message History

Frances is lightly wounded.
Frances hits you but does no damage.
You hit Frances. You headbutt Frances, but do no damage.
Frances is lightly wounded.
Frances screams a word of power!
You slash Frances! You headbutt Frances!
Frances is moderately wounded.
You hit the rust devil but do no damage.
Thamphthis hits Frances with a +0 quarterstaff!
Frances hits you but does no damage. The rust devil hits you.
The rust devil corrodes you!
You barely miss Frances. You headbutt Frances.
Frances is moderately wounded.
You hit the rust devil but do no damage.
Frances chants phrases taken from a devil's mouth.
The shard of ice hits you!! You partially resist.
Thamphthis hits Frances with a +0 quarterstaff.
You block the rust devil's attack.
You hit Frances.
Frances is heavily wounded.
You hit the rust devil but do no damage.
Thamphthis barely misses Frances.
Frances whispers indecipherable words.
Frances seems to speed up.
The rust devil hits you. The rust devil corrodes you!
Thamphthis completely misses Frances.
Frances barely misses you.
You hit Frances but do no damage. You headbutt Frances, but do no damage.
Frances is heavily wounded.
You hit the rust devil. Frances hits you but does no damage.
You block the rust devil's attack.
Thamphthis hits Frances with a +0 quarterstaff!
You slash Frances! You headbutt Frances.
Frances is heavily wounded.
You barely miss the rust devil.
Frances screams a word of power!
You block the rust devil's attack.
Frances mutters in a terrible tongue.
The iron shot hits you!!!
Ouch! That really hurt!
You die...

#.......# #@....#..
#.......# #.....#..
#.......# #.4...###
#..###..# #........
#..# ..# ######...
#..# #..# #...
#..###4.# #...
#...R...# #...
#..4@@..# #)..
#.####..# ######...
#.# #..# #........
#.####..#####.###....
#.......'...#.# #..##
#.......#...'.# #....
#.......#.†.#.###....
#.......#...#........
#.......#...#######'#


You could see the friendly Thamphthis the battlemage, Frances (fast, ally
target) and 2 rust devils.

Vanquished Creatures
  Gastronok (D:12)
  A hydra (D:11)
  A two-headed ogre (D:12)
  Urug (D:11)
  Pikel (D:6)
  3 deep elf pyromancers
  A manticore (D:12)
  A gargoyle (D:11)
  A komodo dragon (D:9)
  Prince Ribbit (D:6)
  Sigmund (D:3)
  2 vampires
  5 yaks
  3 wyverns
  3 wraiths
  A basilisk (D:8)
  4 vampire mosquitoes
  Edmund (D:5)
  An acid dragon (D:12)
  2 water moccasins
  A sky beast (D:7)
  An orc warrior (D:6)
  An ice beast (D:7)
  3 ogres
  7 centaurs
  2 phantoms
  2 lemures (D:6)
  2 kobold brigands
  A bullfrog (D:7)
  A necrophage (D:7)
  2 scorpions (D:6)
  13 wights
  29 killer bees
  4 howler monkeys
  2 electric eels (D:9)
  2 jellies
  4 hounds
  11 orc priests
  A gnoll bouda (D:4)
  2 iguanas
  13 orc wizards
  6 gnolls
  3 adders
  A white imp (D:7)
  2 worms
  3 dart slugs
  53 orcs
  10 bats
  5 endoplasms
  2 giant cockroaches
  10 goblins
  5 hobgoblins
  5 jackals
  4 quokkas
  4 ball pythons
  4 frilled lizards
  10 kobolds
  4 rats
270 creatures vanquished.

Vanquished Creatures (collateral kills)
  Josephine (D:11)
  A queen bee (D:10)
  7 yaks
  3 wraiths
  8 vampire mosquitoes
  A steam dragon (D:7)
  An acid dragon (D:11)
  A water moccasin (D:7)
  An ice beast (D:7)
  2 orc warriors
  3 centaurs
  A bullfrog (D:8)
  4 wights
  19 killer bees
  An electric eel (D:9)
  2 howler monkeys
  An orc priest (D:11)
  3 orc wizards
  A gnoll (D:7)
  7 orcs
  A kobold (D:10)
69 creatures vanquished.

Vanquished Creatures (others)
  A steam dragon (D:7)
  4 battlemagi
  An orc wizard (D:6)
  An ancestor (D:7)
  6 plants (D:9)
13 creatures vanquished.

Grand Total: 352 creatures vanquished

Notes
Turn   | Place    | Note
-------+----------+-------------------------------------------
     0 | D:1      | inmateoo the Demonspawn Fighter began the quest for the
                  | Orb.
     0 | D:1      | Reached XP level 1. HP: 18/18 MP: 1/1
    22 | D:1      | Reached skill level 2 in Axes
    79 | D:1      | Gained mutation: A meltable shield of frost defends you.
                  | (SH +4) [demonic ancestry]
    79 | D:1      | Reached XP level 2. HP: 20/24 MP: 2/2
   322 | D:1      | Found a faded altar of an unknown god.
   752 | D:1      | Reached skill level 1 in Dodging
  1031 | D:2      | Gained mutation: You are partially covered in icy blue
                  | scales. (AC +2) [demonic ancestry]
  1031 | D:2      | Reached XP level 3. HP: 27/29 MP: 3/3
  1934 | D:3      | Noticed Sigmund
  1944 | D:3      | Killed Sigmund
  1945 | D:3      | Reached skill level 3 in Axes
  1945 | D:3      | Reached XP level 4. HP: 29/37 MP: 4/4
  1945 | D:3      | Reached XP level 5. HP: 33/42 MP: 5/5
  2296 | D:4      | Gained mutation: You regenerate a little health from kills.
                  | [demonic ancestry]
  2296 | D:4      | Reached XP level 6. HP: 35/48 MP: 6/6
  2309 | D:4      | Identified the +2 robe of Piuz {Harm rElec rC- Int+7}
  2336 | D:4      | Found a shimmering altar of Xom.
  2407 | D:4      | HP: 2/48 [orc priest/+0 short sword (5)]
  2410 | D:4      | Reached skill level 4 in Axes
  2698 | D:4      | Reached XP level 7. HP: 46/54 MP: 7/7
  2955 | D:4      | Found a sparkling altar of Nemelex Xobeh.
  3181 | D:4      | Found a radiant altar of Vehumet.
  3186 | D:4      | Found an ancient bone altar of Kikubaaqudgha.
  3188 | D:4      | Found a shimmering blue altar of Sif Muna.
  3290 | D:5      | Entered Level 5 of the Dungeon
  3290 | D:5      | Found a staircase to the Ecumenical Temple.
  3324 | Temple   | Entered the Ecumenical Temple
  3498 | Temple   | Became a worshipper of Hepliaklqana the Forgotten
  3996 | D:5      | Identified a scroll of acquirement
  3996 | D:5      | Acquired the +8 plate armour "Qetigoza" {Rampage SInv}
  4128 | D:5      | Found a shadowy altar of Dithmenos.
  4131 | D:5      | Noticed Edmund
  4140 | D:5      | Killed Edmund
  4141 | D:5      | Reached skill level 5 in Axes
  4206 | D:6      | Noticed a wraith
  4224 | D:6      | Gained mutation: You regenerate health from kills. [demonic
                  | ancestry]
  4224 | D:6      | Reached XP level 8. HP: 48/61 MP: 8/8
  4336 | D:6      | Reached skill level 5 in Fighting
  4469 | D:6      | Found a transporter.
  4472 | D:6      | Noticed Nebesus's ghost (novice NaNe)
  4472 | D:6      | Noticed a red ugly thing
  4504 | D:6      | Found a transporter.
  4506 | D:6      | Noticed Prince Ribbit
  4529 | D:6      | Killed Prince Ribbit
  4532 | D:6      | Reached skill level 6 in Axes
  4644 | D:6      | Noticed Pikel
  4654 | D:6      | Killed Pikel
  4655 | D:6      | Reached skill level 5 in Armour
  4655 | D:6      | Reached skill level 5 in Shields
  4655 | D:6      | Reached XP level 9. HP: 62/69 MP: 9/9
  4748 | D:6      | Reached * piety under Hepliaklqana
  4784 | D:6      | Found a burning altar of Makhleb.
  5115 | D:6      | Found a snail-covered altar of Cheibriados.
  5436 | D:7      | Reached skill level 7 in Axes
  5791 | D:7      | Reached ** piety under Hepliaklqana
  5792 | D:7      | Remembered your ancestor Thamphthis as a battlemage
  5916 | D:7      | Reached skill level 5 in Dodging
  6387 | D:7      | Found a basalt altar of Yredelemnul.
  6387 | D:7      | Found a stormy altar of Qazlal.
  6393 | D:7      | Reached skill level 8 in Axes
  6393 | D:7      | Gained mutation: You have a pair of small horns on your
                  | head. [demonic ancestry]
  6393 | D:7      | Reached XP level 10. HP: 69/69 MP: 10/10
  6819 | D:8      | Identified the ring "Qoulynen" {rC+ Str-2 Dex+6}
  7292 | D:9      | Found a staircase to the Lair.
  7541 | D:9      | Reached skill level 9 in Axes
  8185 | D:9      | Reached *** piety under Hepliaklqana
  8463 | D:10     | Entered Level 10 of the Dungeon
  8494 | D:10     | Reached skill level 1 in Invocations
  8494 | D:10     | Reached XP level 11. HP: 75/75 MP: 11/11
  9174 | D:11     | Found a staircase to the Orcish Mines.
  9201 | D:11     | Reached skill level 10 in Axes
  9305 | D:11     | Noticed a deep elf pyromancer
  9313 | D:11     | Killed a deep elf pyromancer
  9344 | D:11     | Noticed Josephine
  9356 | D:11     | Killed Josephine
  9363 | D:11     | Noticed an eight-headed hydra
  9369 | D:11     | Killed a seven-headed hydra
  9429 | D:11     | Got Ryttian's Volume of Battling and the Glacier
  9432 | D:11     | Noticed Urug
  9450 | D:11     | Killed Urug
  9640 | D:11     | Reached **** piety under Hepliaklqana
  9770 | D:12     | Gained mutation: You regenerate a lot of health from kills.
                  | [demonic ancestry]
  9770 | D:12     | Reached XP level 12. HP: 79/84 MP: 15/15
  9793 | D:12     | Noticed Gastronok
  9802 | D:12     | Killed Gastronok
  9803 | D:12     | Reached skill level 5 in Invocations
  9972 | D:12     | Noticed a two-headed ogre
  9978 | D:12     | Killed a two-headed ogre
 10082 | D:12     | Reached skill level 11 in Axes
 10221 | D:12     | Found a runed translucent door.
 10222 | D:12     | Noticed an ettin
 10222 | D:12     | Noticed an ettin
 10365 | D:12     | Noticed Frances
 10722 | D:12     | Killed from afar by Frances

Illustrated notes

Levels and vault maps discovered:
D:1:      dpeg_arrival_fog, layout_basic, ebering_ecumenical_altar_box,
          nicolae_wormholes
D:2:      layout_basic
D:3:      layout_loops_ring, st_stairs_11, nrook_campfire, uniq_sigmund
D:4:      layout_rooms, grunt_temple_overflow_magic_moments,
          amcnicky_altar_gilded, mainiacjoe_overflow_alcove_1
D:5:      layout_basic, lemuel_doored_altar, minmay_temple_entry_glass,
          uniq_edmund
D:6:      layout_basic, general_overflow_altar, kennysheep_mini,
          mainiacjoe_overflow_24_doors, gammafunk_ghost_arena, uniq_pikel,
          uniq_prince_ribbit1
D:7:      layout_basic, gammafunk_temple_overflow_pools, minmay_joined_circles
D:8:      layout_cave_pools, nicolae_overflow_hidden_temple,
          mainiacjoe_overflow_tiny_flanked, kennysheep_island_fort
D:9:      layout_basic, david_lair_shrubbed, st_stairs_9
D:10:     layout_roguey [special_room_bee], evilmike_butchery
D:11:     layout_cave_pools, minmay_orc_entry_temple_small,
          kennysheep_generic_room_13, uniq_urug, uniq_josephine
D:12:     layout_stronghold, kennysheep_treasure_room, uniq_gastronok,
          uniq_frances
Temple:   chequers_temple_sunken

Skill      XL: |  1  2  3  4  5  6  7  8  9 10 11 12 |
---------------+-------------------------------------+-----
Axes           | 2 3 4 5 6 8 9 10 11 | 11.0
Dodging        | 1 2 3 4 5 6 7 |  7.5
Shields        | 3 4 5 6 7 8 |  8.1
Armour         | 3 4 5 6 7 8 |  8.1
Fighting       | 4 5 6 7 8 |  8.8
Invocations    | 1 4 5 |  5.8

Action                   |  1- 3 |  4- 6 |  7- 9 | 10-12 || total
-------------------------+-------+-------+-------+-------++-------
Melee: War axe           |   121 |    48 |   314 |   302 ||   785
       Headbutt          |       |       |       |    71 ||    71
       Broad axe         |       |       |       |    61 ||    61
       Hand axe          |       |       |       |     1 ||     1
Invok: Ancestor Life: Ba |       |       |     1 |       ||     1
Evoke: Wand              |       |       |       |     3 ||     3
  Use: Scroll            |    13 |     1 |     6 |     7 ||    27
       Potion            |       |     2 |       |     2 ||     4
 Stab: Distracted        |       |       |     1 |     9 ||    10
Armor: Scale mail        |    29 |       |       |       ||    29
       Chain mail        |    14 |       |       |       ||    14
       Plate armour      |    38 |    31 |   191 |   242 ||   502
Dodge: Dodged            |    42 |    12 |    70 |   103 ||   227
Block: Buckler           |    47 |    32 |    83 |       ||   162
       Kite shield       |       |       |    82 |   339 ||   421

Table legend: (Time is in decaauts)
 A = Elapsed time spent in this place.
 B = Non-inter-level travel time spent in this place.
 C = Inter-level travel time spent in this place.
 D = Time resting spent in this place.
 E = Time spent auto-exploring this place.
 F = Levels seen in this place.
 G = Mean time per level.
                   A        B        C        D        E       F      G
               +--------+--------+--------+--------+--------+-----+--------+
         Total |  11030 |  10581 |    449 |   1742 |   6669 |  13 |  848.5 |
       Dungeon |  10772 |  10349 |    423 |   1742 |   6462 |  12 |  897.7 |
        Temple |    257 |    231 |     26 |      0 |    207 |   1 |  257.0 |
               +--------+--------+--------+--------+--------+-----+--------+

Top non-repeatable levels by time:
     D:7: 1466 daAuts
     D:9: 1258 daAuts
     D:4: 992 daAuts
    D:12: 976 daAuts
     D:6: 881 daAuts
     D:1: 837 daAuts
     D:5: 831 daAuts
     D:2: 789 daAuts
     D:3: 750 daAuts
    D:10: 713 daAuts
     D:8: 651 daAuts
    D:11: 624 daAuts
  Temple: 257 daAuts
